 Dungeon Crawl Stone Soup version 0.19.4-10-g532645f (webtiles) character file.

91 Maelstr0m the Shield-Bearer (level 4, -7/37 HPs)
             Began as a Formicid Fighter on Feb 23, 2017.
             Mangled by Zargon's ghost (11 damage)
             ... on level 3 of the Dungeon.
             The game lasted 00:05:38 (1584 turns).

Maelstr0m the Shield-Bearer (Formicid Fighter)      Turns: 1584, Time: 00:05:39

Health: -7/37      AC:  8    Str: 22    XL:     4   Next: 87%
Magic:  4/4        EV:  8    Int:  7    God:
Gold:   81         SH:  9    Dex: 10    Spells: 0 memorised, 3 levels left

rFire  . . .     SeeInvis +     a - +0 war axe
rCold  . . .     Gourm    .     b - +0 scale mail
rNeg   . . .     Faith    .     c - +0 shield
rPois  .         Spirit   .     (helmet unavailable)
rElec  .         Reflect  .     (no cloak)
rCorr  .         Harm     .     (no gloves)
MR     .....                    i - +0 pair of boots
Stlth  ..........               (no amulet)
                                (no ring)
                                (no ring)

@: no status effects
A: permanent stasis, dig shafts and tunnels, four strong arms, antennae 3
a: Dig, Shaft Self


You were on level 3 of the Dungeon.
You were not hungry.

You visited 1 branch of the dungeon, and saw 3 of its levels.

You collected 81 gold pieces.

Inventory:

Hand Weapons
 a - a +0 war axe (weapon)
Armour
 b - a +0 scale mail (worn)
 c - a +0 shield (worn)
 i - a +0 pair of boots (worn)
Jewellery
 p - an uncursed ring of fire
Scrolls
 j - 5 scrolls of remove curse {unknown}
 l - a scroll of identify {unknown}
 m - 4 scrolls of teleportation {unknown}
Potions
 d - a potion of might
 e - a potion of haste {unknown}
 h - a potion of ambrosia {unknown}
 k - a potion of heal wounds {unknown}
 n - a potion of magic {unknown}
 o - a potion of mutation {unknown}
 r - a potion of resistance {unknown}
Comestibles
 f - 2 bread rations
 g - 3 meat rations
 q - a royal jelly
 s - 3 fruits


   Skills:
 + Level 3.8 Fighting
 * Level 3.3 Axes
 + Level 3.8 Armour
 + Level 4.2 Shields


You had 3 spell levels left.
You didn't know any spells.

Dungeon Overview and Level Annotations

Branches:
Dungeon (3/15)

Altars:
Makhleb
Ru
Sif Muna

Annotations:
D:3 Zargon's ghost, amateur TrSu


Innate Abilities, Weirdness & Mutations

You are under a permanent stasis effect.
You can dig through walls and to a lower floor.
Your four strong arms can wield two-handed weapons with a shield.
You have a pair of large antennae on your head. (SInv)


Message History

Zargon's ghost hits you!
* * * LOW HITPOINT WARNING * * *
You closely miss Zargon's ghost.
Zargon's ghost is lightly damaged.
Zargon's ghost hits you.
* * * LOW HITPOINT WARNING * * *
Zargon's ghost casts a spell.
You barely miss Zargon's ghost.
Zargon's ghost is lightly damaged.
You hit the quokka. The bat closely misses you.
The quokka bites you but does no damage.
Zargon's ghost barely misses you.
You closely miss Zargon's ghost.
Zargon's ghost is lightly damaged.
You barely miss the quokka. You closely miss the bat.
The bat closely misses you.
The quokka bites you but does no damage.
You block Zargon's ghost's attack. You block the quokka's attack.
Zargon's ghost hits you!
You die...

.####.#####.#
#....{..††.#####
..†.....# #.#
#.####.##.##
.####.#.###.# #W# #.##.#
## #.#..##.# #.# #.##.#
### #.#...#.# #.# #.##.#
..###.##.##.######.#
#.##.#
......##....#...##.#
#.####
.###..##._.......#.# #.#
..##...........r@#.# #.#
...#..##.#.......W.# #)#
..##.)##.#......b..####.#
.###..##.#.....[........#
{
...........#####........#
.........### ##########
##########


You could see Zargon's ghost, a quokka and a bat.

Vanquished Creatures
  An orc priest (D:3)
  2 worms (D:2)
  3 leopard geckos
  2 orcs (D:3)
  11 bats
  3 giant cockroaches
  4 goblins
  4 hobgoblins
  7 jackals
  4 frilled lizards
  5 kobolds
  3 rats (D:1)
49 creatures vanquished.

Notes
Turn   | Place    | Note
-------+----------+-------------------------------------------
     0 | D:1      | Maelstr0m the Formicid Fighter began the quest for the Orb.
     0 | D:1      | Reached XP level 1. HP: 18/18 MP: 1/1
   136 | D:1      | Reached XP level 2. HP: 20/24 MP: 2/2
   495 | D:1      | Reached XP level 3. HP: 29/29 MP: 3/3
   779 | D:2      | Found a deep blue altar of Sif Muna.
   982 | D:2      | Found a sacrificial altar of Ru.
  1229 | D:2      | Reached skill level 4 in Shields
  1439 | D:3      | Found a burning altar of Makhleb.
  1458 | D:3      | Reached XP level 4. HP: 28/35 MP: 4/4
  1555 | D:3      | Noticed Zargon's ghost (amateur TrSu)
  1584 | D:3      | Mangled by Zargon's ghost

Skill      XL: |  1  2  3 |
---------------+----------+-----
Axes           | 3 |  3.3
Shields        | 4 |  4.2
Fighting       | |  3.8
Armour         | |  3.8

Action                   |  1- 3 |  4- 6 || total
-------------------------+-------+-------++-------
Melee: War axe           |   108 |    32 ||   140
  Eat: Chunk             |     2 |       ||     2
Armor: Scale mail        |    35 |    17 ||    52
Dodge: Dodged            |    44 |    18 ||    62
Block: Shield            |    65 |    10 ||    75
